 Dungeon Crawl Stone Soup version 0.31-a0-1549-g5ff9445e89 (webtiles) character file.

Game seed: 12463045093963276641

91 Aldia the Trooper (level 4, -1/48 HPs)
             Began as an Oni Warper on Jan 2, 2024.
             Slain by an ogre
             ... wielding a +0 giant club
              (10 damage)
             ... on level 2 of the Dungeon.
             The game lasted 00:03:13 (1901 turns).

Aldia the Trooper (Oni Warper)                      Turns: 1901, Time: 00:03:14

Health: -1/48      AC:  4    Str: 17    XL:     4   Next: 57%
Magic:  7/7        EV:  9    Int: 14    God:
Gold:   108        SH:  0    Dex:  8    Spells: 6/8 levels left

rFire   . . .        i - +2 whip (vamp)
rCold   . . .        (no shield)
rNeg    . . .        b - +0 robe
rPois   .            (helmet restricted)
rElec   .            j - +0 cloak
rCorr   .            (gloves unavailable)
SInv    .            (boots unavailable)
Will    .....        (no amulet)
Stlth   +            (no ring)
HPRegen 0.28/turn    (no ring)
MPRegen 0.10/turn

%: no passive effects
@: no status effects
A: large, unfitting armour, horns 1, tough skin 1, double potion healing,
drunken brawling
a: no special abilities


You were on level 2 of the Dungeon.
You visited 1 branch of the dungeon, and saw 3 of its levels.

You collected 108 gold pieces.

Inventory:

Hand Weapons
 a - a +0 mace
 i - a +2 vampiric whip (weapon)
Missiles
 d - 7 darts of dispersal (quivered)
 e - 5 poisoned darts
Armour
 b - a +0 robe (worn)
 j - a +0 cloak (worn)
Scrolls
 c - a scroll of blinking
 g - a scroll of teleportation {unknown}
 h - a scroll of amnesia {unknown}
 k - 2 scrolls of identify {unknown}
 m - a scroll of enchant armour {unknown}
 n - a scroll of vulnerability
 p - a scroll of immolation {unknown}
Potions
 f - a potion of curing {unknown}
 l - a potion of heal wounds {unknown}
 o - a potion of attraction {unknown}
 q - a potion of haste {unknown}
 r - 2 potions of might {unknown}


   Skills:
 + Level 3.8 Fighting
 * Level 3.5 Maces & Flails
 - Level 1.0 Throwing
 - Level 2.1 Dodging
 - Level 2.5 Spellcasting
 + Level 3.2 Translocations


You had 6 spell levels left.
You knew the following spells:

 Your Spells              Type           Power      Damage    Failure   Level
a - Blink                 Tloc           20%        N/A       9%          2

Your spell library contained the following spells:

 Spells                   Type           Power      Damage    Failure   Level
 Lesser Beckoning         Tloc           20%        N/A       9%          2
 Teleport Other           Tloc           10%        N/A       17%         3
 Manifold Assault         Tloc           10%        N/A       50%         4
 Vhi's Electric Charge    Tloc/Air       12%        N/A       75%         4


Dungeon Overview and Level Annotations

Branches:
Dungeon (3/15)

Altars:

Annotations:
D:3 Grinder


Innate Abilities, Weirdness & Mutations

You are too large for most types of armour.
You have a pair of small horns on your head.
You have tough skin. (AC +1)
You gain doubled healing and magic from potions.
Whenever you drink a healing potion, you attack all around you.


Message History

Done exploring.
Done exploring.
You see here 5 boomerangs.
There is a stone staircase leading down here.
You climb downwards.
Grinder shouts!
The ogre shouts!
Grinder gestures at you. Pain shoots through your body!
Found a scale mail.
There is a stone staircase leading up here.
Grinder gestures at you.
You suddenly lose the ability to move!
You stop ascending the stairs.
The ogre hits you with a +0 giant club!
You can move again.
Unknown command.
Unknown command.
Unknown command.
Unknown command.
The ogre misses you. Grinder gestures at you. Pain shoots through your body!
You climb upwards.
There is a stone staircase leading down here.
Unknown command.
Unknown command.
You hit the ogre.
The ogre is lightly wounded.
The ogre barely misses you.
You barely miss the ogre. Your headbutt misses the ogre.
The ogre is lightly wounded.
You hit the ogre.
You feel better.
You headbutt the ogre.
The ogre is moderately wounded.
The ogre hits you with a +0 giant club!!
* * * LOW HITPOINT WARNING * * *
You hit the ogre.
You feel better.
You headbutt the ogre.
The ogre is heavily wounded.
You hit the ogre.
The ogre is heavily wounded.
The ogre hits you with a +0 giant club!
You die...

#####################
....................#
########.##########.#
#)# #.# #.# #.#
######.######## #†#
###.............# #<#
....####.######.###.#
.#######........@O..#
.........######.#####
.#######.# #.# .#
##.# #.# .######..#
#(# .........# #.#
#######.## #.# #.#
#.# #.# #.#


You could see an ogre.

Vanquished Creatures
  Terence (D:3)
  An adder (D:2)
  A ribbon worm (D:2)
  4 dart slugs
  2 bats
  9 endoplasms
  2 giant cockroaches
  2 goblins
  6 hobgoblins
  2 quokkas (D:2)
  4 ball pythons
  2 kobolds
  4 rats
40 creatures vanquished.

Notes
Turn   | Place    | Note
-------+----------+-------------------------------------------
     0 | D:1      | Aldia the Oni Warper began the quest for the Orb.
     0 | D:1      | Reached XP level 1. HP: 22/22 MP: 3/3
    45 | D:1      | Reached XP level 2. HP: 24/31 MP: 3/5
    63 | D:1      | Learned a level 2 spell: Blink
   163 | D:1      | Found a faded altar of an unknown god.
   520 | D:1      | Reached XP level 3. HP: 27/37 MP: 6/6
  1087 | D:2      | You fall into a shaft and drop 1 floor!
  1098 | D:3      | Noticed Terence
  1120 | D:3      | Killed Terence
  1121 | D:3      | Reached XP level 4. HP: 38/48 MP: 7/7
  1891 | D:3      | Noticed Grinder
  1891 | D:3      | Noticed an ogre
  1892 | D:3      | Paralysed by Grinder for 3 turns
  1901 | D:2      | Slain by an ogre

Illustrated notes

Levels and vault maps discovered:
D:1:      lemuel_arrival_rhombus, layout_loops_ring,
          ebering_ecumenical_altar_rust
D:2:      layout_loops_ring
D:3:      layout_basic, minivault_26, uniq_grinder, uniq_terence

Skill      XL: |  1  2  3 |
---------------+----------+-----
Fighting       | 3 |  3.8
Translocations | 3 |  3.2
Maces & Flails | 3 |  3.5
Throwing       | |  1.0
Dodging        | |  2.1
Spellcasting   | |  2.5

Action                     |  1- 3 |  4- 6 || total
---------------------------+-------+-------++-------
  Melee: Mace              |    41 |       ||    41
         Headbutt          |    12 |     6 ||    18
         Punch             |     3 |       ||     3
         Whip              |    54 |    43 ||    97
    Use: Scroll            |       |     1 ||     1
 Armour: Robe              |    57 |    23 ||    80
  Dodge: Dodged            |    33 |    18 ||    51

Table legend: (Time is in decaauts)
 A = Elapsed time spent in this place.
 B = Non-inter-level travel time spent in this place.
 C = Inter-level travel time spent in this place.
 D = Time resting spent in this place.
 E = Time spent auto-exploring this place.
 F = Levels seen in this place.
 G = Mean time per level.
                   A        B        C        D        E       F      G
               +--------+--------+--------+--------+--------+-----+--------+
         Total |   1907 |   1806 |    101 |      0 |   1473 |   3 |  635.7 |
       Dungeon |   1907 |   1806 |    101 |      0 |   1473 |   3 |  635.7 |
               +--------+--------+--------+--------+--------+-----+--------+

Top non-repeatable levels by time:
     D:1: 846 daAuts
     D:2: 793 daAuts
     D:3: 267 daAuts
